 Dungeon Sprint DCSS version 0.22-a0-422-g9628fc87f1 (webtiles) character file.

461789 Ebeneezer the End of an Era (level 21, -7/204 HPs)
             Began as a Demonspawn Fighter on May 21, 2018.
             Was the Champion of Qazlal.
             Killed by a mummy priest's death curse (32 damage)
             ... in the Dungeon (Sprint IX: "|||||||||||||||||||||||||||||").
             The game lasted 00:19:56 (6663 turns).

Ebeneezer the End of an Era (Demonspawn Fighter)    Turns: 6663, Time: 00:19:56

Health: -7/204     AC: 40    Str: 27    XL:     21   Next: 40%
Magic:  38/38      EV: 23    Int: 12    God:    Qazlal [******]
Gold:   107        SH: 39    Dex: 18    Spells: 20/20 levels left

rFire    + + +     SeeInvis .   B - +10 flail of the Shining Light {venom, rElec Dex+3 Stlth+}
rCold    + + .     Gourm    .   a - +3 large shield of Hide-and-Seek {Regen+ Int+3}
rNeg     . . .     Faith    .   P - +3 gold dragon scales
rPois    +         Spirit   .   (helmet restricted)
rElec    +         Reflect  .   R - +1 cloak {MR+}
rCorr    .         Harm     .   O - +1 pair of gloves
MR       ++...     Clarity  +   (no boots) Stlth ..........NoTele +
                                X - amulet "Kops" {RegenMP rElec rPois}
HPRegen  1.84/turn              E - ring of ice
MPRegen  0.51/turn              D - ring of protection from fire

@: drained, repel missiles
A: antennae 2, iridescent scales 2, agile 1, clarity, fire resistance 2, ignite
blood, powered by death 2, flame cloud immunity
}: 7/15 runes: decaying, serpentine, barnacled, slimy, elven, silver, gossamer
a: Upheaval, Elemental Force, Disaster Area, Renounce Religion


You were in the Dungeon.
You worshipped Qazlal.
Qazlal was exalted by your worship.
You were not hungry.

You visited 1 branch You collected 1988 gold pieces.
You spent 1881 gold pieces at shops.

Inventory:

Hand Weapons
 B - the +10 flail of the Shining Light (weapon) {venom, rElec Dex+3 Stlth+}
   (You bought it in a shop in the Dungeon)

   It poisons the flesh of those it strikes.
   It affects your dexterity (+3).
   It insulates you from electricity.
   It makes you more stealthy.
 F - the +6 morningstar of Rixu {elec, *Drain +Rage rF+}
   (You found it in the Dungeon)

   Occasionally, upon striking a foe, it will discharge some electrical energy
   and cause terrible harm.
   It protects you from fire.
   It lets you go berserk.
   It causes draining when unequipped.
Armour
 a - the +3 large shield of Hide-and-Seek (worn) {Regen+ Int+3}
   (You found it in the Dungeon)

   It affects your intelligence (+3).
   It increases your rate of regeneration.
 c - a +0 shield
 y - the +0 helmet of Intercession {+Inv rCorr Str-4 SInv}
   (You bought it in a shop in the Dungeon)

   It affects your strength (-4).
   It lets you see invisible.
   It lets you turn invisible.
   It protects you from acid and corrosion.
 G - a +6 chain mail
 I - a +2 plate armour
 O - a +1 pair of gloves (worn)
 P - +3 gold dragon scales (worn)
 R - a +1 cloak of magic resistance (worn)
Magical Staves
 T - an uncursed staff of earth
Jewellery
 q - a +3 ring of dexterity
 r - a +2 ring of protection
 C - an uncursed ring of poison resistance
 D - a ring of protection from fire (right hand)
 E - a ring of ice (left hand)
 J - a +4 ring of evasion
 K - an uncursed amulet of harm
 L - a +4 ring of evasion
 M - a +4 ring of protection
 N - a +6 ring of dexterity
 W - the ring "Yppoetas" {rC- Str+7 Int+9 SInv}
   (You found it in the Dungeon)

   [ring of see invisible]

   It affects your strength (+7).
   It affects your intelligence (+9).
   It makes you vulnerable to cold.
   It lets you see invisible.
 X - the amulet "Kops" (around neck) {RegenMP rElec rPois}
   (You found it in the Dungeon)

   [amulet of magic regeneration]

   It increases your magic regeneration.
   It insulates you from electricity.
   It protects you from poison.
 Y - the ring of Benevolence {rElec rPois rC+ Str+3 Stlth-}
   (You found it in the Dungeon)

   [ring of strength]

   It affects your strength (+3).
   It protects you from cold.
   It insulates you from electricity.
   It protects you from poison.
   It makes you less stealthy.
 Z - the ring "Bucwyan" {rElec MR+}
   (You found it in the Dungeon)

   [ring of protection from magic]

   It insulates you from electricity.
   It affects your resistance to hostile enchantments.
Wands
 n - a wand of paralysis (17)
 u - a wand of digging (15)
Scrolls
 j - 3 scrolls of fog
 k - 3 scrolls of blinking
 l - 9 scrolls of remove curse
 m - 2 scrolls of amnesia
 p - 6 scrolls of fear
 s - 4 scrolls of enchant weapon
 w - 6 scrolls of identify
Potions
 b - a potion of berserk rage
 d - 3 potions of might
 e - 7 potions of curing
 g - 16 potions of heal wounds
 h - 9 potions of haste
 i - 4 potions of magic
 o - a potion of resistance
 v - 2 potions of flight
 x - a potion of lignification {unknown}
 z - a potion of mutation
 A - 3 potions of agility
 Q - 5 potions of brilliance
Miscellaneous
 V - a lightning rod (4/4)
Comestibles
 f - 9 rations


   Skills:
 O Level 27(26.9) Fighting
 O Level 27(26.9) Maces & Flails
 + Level 20.7(26.0) Staves
 O Level 27(26.9) Armour
 O Level 27(26.9) Dodging
 O Level 27(26.9) Shields
 + Level 20.4 Unarmed Combat
 O Level 27(26.9) Invocations
 + Level 21.9(21.8) Evocations


You had 20 spell levels left.
You didn't know any spells.
Your spell library contained the following spells:

 Spells                   Type           Power        Failure   Level  Hunger
 Confuse                  Hex            #.......     99%         3    ####...
 Tukima's Dance           Hex            #.......     99%         3    ####...
 Ensorcelled Hibernation  Hex/Ice        #.....       97%         2    ###....
 Corona                   Hex            #......      90%         1    ##.....
 Dazzling Spray           Conj/Hex       #.....       99%         3    ####...


Dungeon Overview and Level Annotations

Branches:
Dungeon (1/1)

Altars:
Cheibriados
Dithmenos
Elyvilon
Fedhas
Gozag
Hepliaklqana
Kikubaaqudgha
Makhleb
Nemelex Xobeh
Okawaru
Qazlal
Ru
Sif Muna
Trog
Uskayaw
Vehumet
Wu Jian
Xom
Yredelemnul
Zin
The Shining One
Beogh
Jiyva
Lugonu

Shops:
D ([%!


Innate Abilities, Weirdness & Mutations

You have a pair of antennae on your head.
You are mostly covered in iridescent scales. (AC +4)
Your flesh is very heat resistant. (rF++)
Your demonic aura causes spilled blood to erupt in flames.
You regenerate health from kills.
You are immune to clouds of flame.
You are agile. (Dex +2)
You possess an exceptional clarity of mind.


Message History

The cutting wind hits the guardian mummy.
You destroy the guardian mummy!
Qazlal accepts your kill.
You feel extremely nervous for a moment...
You convulse helplessly as pain tears through your body!
* * * LOW HITPOINT WARNING * * *
The cutting wind hits the guardian mummy.
The guardian mummy is almost destroyed.
The cutting wind hits the guardian mummy.
You destroy the guardian mummy!
Qazlal accepts your kill.
You feel extremely nervous for a moment...
You convulse helplessly as pain tears through your body!
* * * LOW HITPOINT WARNING * * *
The cutting wind hits the mummy priest.
You destroy the mummy priest!
Qazlal accepts your kill.
You feel extremely nervous for a moment...
You convulse helplessly as pain tears through your body!
You die...

▓.▓.♣.♣.▓)▓.▓.▓.▓)
▓.▓.♣[♣.▓.▓.▓.▓.▓)
▓.▓.♣.♣.▓.▓.▓.▓.▓)
▓.▓.♣.♣.▓.▓.▓.▓.▓)
▓.▓.♣.♣.▓.▓.▓.▓.▓)
▓.▓.♣.♣.▓[▓.▓[▓.▓)
▓.▓.▓(▓.▓.▓.▓.▓.▓.
▓.▓.▓)▓.▓.▓.▓.▓.▓.
▓@▓.▓)▓.▓.▓.▓.▓.▓.
▓.▓.▓.▓.▓.▓.▓)▓.▓[
▓§▓.▓)▓.▓.▓.▓.▓.▓[
▓.▓.▓)▓.▓.▓.▓)▓.▓.
▓M▓.▓)▓.▓.▓.▓.▓.▓[
▓§▓.▓)▓.▓.▓.▓)▓.▓.
▓M▓.▓)▓.▓'▓.▓≈▓.▓[
▓M▓.▓.▓.▓.▓.▓[▓.▓[
{▓.▓.▓.▓.▓.▓†▓.▓.


You could see a mummy priest and 2 guardian mummies.

Vanquished Creatures
  the Royal Jelly (D)
  4 ancient liches (D)
  6 orbs of fire (D)
  Sojobo (D)
  Boris (D)
  Xtahua (D)
  Saint Roka (D)
  A Killer Klown (D)
  Margery (D)
  Nikola (D)
  4 golden dragons (D)
  2 electric golems (D)
  5 tentacled monstrosities (D)
  3 liches (D)
  Rupert (D)
  2 quicksilver dragons (D)
  27 Orb Guardians (D)
  3 deep elf master archers (D)
  4 deep elf blademasters (D)
  A titan (D)
  2 death cobs (D)
  12 sphinxes (D)
  6 acid blobs (D)
  Agnes (D)
  7 shadow dragons (D)
  3 tengu reavers (D)
  6 storm dragons (D)
  Donald (D)
  4 azure jellies (D)
  4 draconian monks (D)
  Ilsuiw (D)
  A fire giant (D)
  A draconian knight (D)
  5 nagarajas (D)
  A deep elf sorcerer (D)
  3 vault wardens (D)
  A frost giant (D)
  2 ghost moths (D)
  Aizul (D)
  2 draconian shifters (D)
  6 emperor scorpions (D)
  A draconian stormcaller (D)
  4 draconian annihilators (D)
  3 ironheart preservers (D)
  3 stone giants (D)
  A war gargoyle (D)
  A very ugly thing (D)
  A green draconian (D)
  Nessos (D)
  Azrael (D)
  8 vampire knights (D)
  4 purple draconians (D)
  A black draconian (D)
  A deep elf demonologist (D)
  2 red draconians (D)
  2 yellow draconians (D)
  2 spark wasps (D)
  2 white draconians (D)
  3 deep elf death magi (D)
  3 ettins (D)
  Snorg (D)
  6 merfolk javelineers (D)
  8 death oozes (D)
  3 merfolk impalers (D)
  2 deep elf high priests (D)
  3 fire dragons (D)
  A great orb of eyes (D)
  7 ice dragons (D)
  2 naga warriors (D)
  25 vault guards (D)
  4 yaktaur captains (D)
  9 hydras (D)
  Erica (D)
  An anaconda (D)
  2 alligators (D)
  2 merfolk avatars (D)
  3 merfolk aquamancers (D)
  2 two-headed ogres (D)
  A centaur warrior (D)
  A vampire mage (D)
  2 ogre magi (D)
  A deep troll earth mage (D)
  7 hell knights (D)
  3 spriggan berserkers (D)
  2 shock serpents (D)
  2 small abominations (D)
  A deep troll (D)
  A shambling mangrove (D)
  5 swamp dragons (D)
  3 lindwurms (D)
  A glowing orange brain (D)
  A wizard (D)
  6 ironbrand convokers (D)
  A naga ritualist (D)
  A necromancer (D)
  10 orc knights (D)
  2 orb spiders (D)
  An ugly thing (D)
  4 wolf spiders (D)
  A manticore (D)
  9 moths of wrath (D)
  A moth of wrath (shapeshifter) (D)
  Maurice (D)
  3 black mambas (D)
  2 naga magi (D)
  4 vault sentinels (D)
  A spiny frog (D)
  6 guardian serpents (D)
  A rime drake (D)
  A freezing wraith (D)
  2 yaktaurs (D)
  A demonic crawler (D)
  2 komodo dragons (D)
  13 guardian mummies (D)
  A tengu conjurer (D)
  A queen bee (shapeshifter) (D)
  A polar bear (D)
  4 merfolk (D)
  A wind drake (D)
  4 jumping spiders (D)
  5 hornets (D)
  2 tyrant leeches (D)
  A bog body (D)
  A snapping turtle (D)
  4 slime creatures (D)
  2 hippogriffs (D)
  A wraith (D)
  A redback (D)
  11 spriggans (D)
  3 yaks (D)
  2 fire elementals (D)
  A yak (shapeshifter) (D)
  3 golden eyes (D)
  A basilisk (D)
  2 vampire mosquitoes (D)
  Grum (D)
  2 acid dragons (D)
  4 hell hounds (D)
  A floating eye (shapeshifter) (D)
  3 porcupines (D)
  A floating eye (D)
  21 orc warriors (D)
  A sky beast (D)
  A swamp drake (D)
  An ogre (D)
  5 wolves (D)
  A crocodile (D)
  6 bullfrogs (D)
  2 crimson imps (D)
  An orc priest (D)
  An iguana (D)
  6 orc wizards (D)
  2 worker ants (D)
  3 shadow imps (D)
  3 worms (D)
  An adder simulacrum (D)
  9 orcs (D)
  A bat (D)
  A hobgoblin (D)
  A jackal (D)
  2 kobolds (D)
  A quokka (D)
  A bat simulacrum (D)
  A frilled lizard (D)
  A jackal zombie (D)
  A rat (D)
  A crawling corpse (D)
509 creatures vanquished.

Notes
Turn   | Place    | Note
-------+----------+-------------------------------------------
     0 | D        | Ebeneezer the Demonspawn Fighter began the quest for the Orb.
     0 | D        | Reached XP level 1. HP: 18/18 MP: 1/1
    98 | D        | Noticed an orc wizard
   109 | D        | Gained mutation: Your flesh is heat resistant. (rF+) [demonic ancestry]
   109 | D        | Reached XP level 2. HP: 24/24 MP: 2/2
   116 | D        | Reached skill level 5 in Maces & Flails
   122 | D        | Reached XP level 3. HP: 17/29 MP: 3/3
   241 | D        | Found a roughly hewn altar of Beogh.
   241 | D        | Found a snail-covered altar of Cheibriados.
   241 | D        | Found a shadowy altar of Dithmenos.
   241 | D        | Found a white marble altar of Elyvilon.
   241 | D        | Found a blossoming altar of Fedhas.
   241 | D        | Found an opulent altar of Gozag.
   242 | D        | Found a hazy altar of Hepliaklqana.
   243 | D        | Found a viscous altar of Jiyva.
   244 | D        | Found an ancient bone altar of Kikubaaqudgha.
   245 | D        | Found a corrupted altar of Lugonu.
   246 | D        | Found a burning altar of Makhleb.
   247 | D        | Found a sparkling altar of Nemelex Xobeh.
   248 | D        | Found an iron altar of Okawaru.
   249 | D        | Found a stormy altar of Qazlal.
   250 | D        | Found a sacrificial altar of Ru.
   251 | D        | Found a deep blue altar of Sif Muna.
   252 | D        | Found a bloodstained altar of Trog.
   253 | D        | Found a hide-covered altar of Uskayaw.
   254 | D        | Found a radiant altar of Vehumet.
   255 | D        | Found an ornate altar of the Wu Jian Council.
   256 | D        | Found a shimmering altar of Xom.
   257 | D        | Found a basalt altar of Yredelemnul.
   258 | D        | Found a glowing silver altar of Zin.
   259 | D        | Found a glowing golden altar of the Shining One.
   263 | D        | Became a worshipper of Qazlal Stormbringer
   310 | D        | Noticed a two-headed ogre
   310 | D        | Noticed a sky beast
   310 | D        | Noticed an ogre
   312 | D        | Killed a sky beast
   312 | D        | Reached XP level 4. HP: 35/37 MP: 3/6
   312 | D        | Reached XP level 5. HP: 40/42 MP: 3/7
   315 | D        | Killed a two-headed ogre
   315 | D        | Reached * piety under Qazlal
   315 | D        | Reached skill level 1 in Dodging
   315 | D        | Gained mutation: You are partially covered in iridescent scales. (AC +2) [demonic ancestry]
   315 | D        | Reached XP level 6. HP: 37/55 MP: 3/12
   315 | D        | Gained mutation: You regenerate a little health from kills. [demonic ancestry]
   315 | D        | Reached XP level 7. HP: 40/60 MP: 3/13
   326 | D        | Reached ** piety under Qazlal
   382 | D        | Noticed a yak
   385 | D        | Killed a yak
   385 | D        | Reached XP level 8. HP: 62/68 MP: 12/15
   388 | D        | Reached *** piety under Qazlal
   462 | D        | Noticed Erica
   490 | D        | HP: 3/68 [Erica/bolt of poison (23)]
   491 | D        | Killed Erica
   491 | D        | Reached skill level 10 in Maces & Flails
   491 | D        | Reached skill level 10 in Invocations
   798 | D        | Gained mutation: You are somewhat resistant to further mutation. [potion of mutation]
   798 | D        | Gained mutation: You have large cloven feet. [potion of mutation]
   817 | D        | Noticed a hippogriff
   822 | D        | Reached XP level 9. HP: 75/76 MP: 17/17
   824 | D        | Reached **** piety under Qazlal
   827 | D        | Noticed a komodo dragon
   837 | D        | Reached ***** piety under Qazlal
   842 | D        | Killed a komodo dragon
   842 | D        | Reached skill level 10 in Fighting
   853 | D        | Noticed a komodo dragon
   859 | D        | Killed a komodo dragon
   861 | D        | Noticed a rime drake
   869 | D        | Noticed a polar bear
   891 | D        | Killed a rime drake
   891 | D        | Reached ****** piety under Qazlal
   891 | D        | Reached XP level 10. HP: 73/86 MP: 19/19
   939 | D        | Noticed a lindwurm
   939 | D        | Noticed a lindwurm
   939 | D        | Noticed a lindwurm
   941 | D        | Killed a lindwurm
   941 | D        | Killed a lindwurm
   941 | D        | Reached skill level 5 in Dodging
   952 | D        | Killed a lindwurm
   964 | D        | Reached skill level 10 in Shields
  1088 | D        | Noticed Maurice
  1099 | D        | Killed Maurice
  1504 | D        | Noticed an orc knight
  1513 | D        | Killed an orc knight
  1513 | D        | Reached skill level 15 in Invocations
  1513 | D        | Reached XP level 11. HP: 95/95 MP: 14/22
  1648 | D        | Found Lurett's Weapon Emporium.
  1648 | D        | Noticed an orc knight
  1648 | D        | Noticed an orc knight
  1648 | D        | Noticed an orc knight
  1648 | D        | Noticed an orc knight
  1649 | D        | Killed an orc knight
  1651 | D        | Killed an orc knight
  1651 | D        | Killed an orc knight
  1651 | D        | Killed an orc knight
  1653 | D        | Noticed an orc knight
  1663 | D        | Killed an orc knight
  1664 | D        | Found Sistrypod's Antique Armour Shoppe.
  1667 | D        | Found Fuaqisug's Food Emporium.
  1696 | D        | Found Ydaptef's Distillery.
  1709 | D        | Noticed an orc knight
  1712 | D        | Killed an orc knight
  1850 | D        | Bought a steaming helmet for 266 gold pieces
  1854 | D        | Bought a potion of heal wounds for 65 gold pieces
  1854 | D        | Bought a potion of mutation for 104 gold pieces
  1854 | D        | Bought a potion of mutation for 104 gold pieces
  1854 | D        | Bought a potion of mutation for 104 gold pieces
  1854 | D        | Bought a potion of haste for 130 gold pieces
  1854 | D        | Bought a potion of might for 52 gold pieces
  1858 | D        | Lost mutation: You have large cloven feet. [potion of mutation]
  1858 | D        | Lost mutation: You are somewhat resistant to further mutation. [potion of mutation]
  1858 | D        | Gained mutation: Your mind is acute. (Int +2) [potion of mutation]
  1858 | D        | Gained mutation: Your flesh is cold resistant. (rC+) [potion of mutation]
  1859 | D        | Lost mutation: Your flesh is cold resistant. (rC+) [potion of mutation]
  1859 | D        | Lost mutation: Your mind is acute. (Int +2) [potion of mutation]
  1859 | D        | Gained mutation: You have sharp toenails. [potion of mutation]
  1859 | D        | Gained mutation: Your natural rate of healing is unusually fast. [potion of mutation]
  1859 | D        | Gained mutation: Your muscles are strong. (Str +2) [potion of mutation]
  1859 | D        | Gained mutation: You evolve. [potion of mutation]
  1872 | D        | Identified the +0 helmet of Intercession {+Inv rCorr Str-4 SInv} (You bought it in a shop in the Dungeon)
  1878 | D        | Bought a potion of agility for 52 gold pieces
  1884 | D        | Bought the +10 flail of the Shining Light {venom, rElec Dex+3 Stlth+} for 1004 gold pieces
  1927 | D        | Noticed Grum
  1937 | D        | Killed Grum
  2019 | D        | Got the +6 morningstar of Rixu {elec, *Drain +Rage rF+}
  2083 | D        | Noticed a centaur warrior
  2084 | D        | Killed a centaur warrior
  2087 | D        | Noticed a fire giant
  2088 | D        | Noticed a two-headed ogre
  2090 | D        | Noticed a stone giant
  2093 | D        | Killed a two-headed ogre
  2093 | D        | Killed a glowing orange brain
  2096 | D        | Noticed a stone giant
  2102 | D        | Killed a fire giant
  2102 | D        | Gained mutation: You regenerate health from kills. [demonic ancestry]
  2102 | D        | Reached XP level 12. HP: 102/102 MP: 12/26
  2109 | D        | Noticed a stone giant
  2111 | D        | Killed a stone giant
  2112 | D        | Killed a stone giant
  2116 | D        | Killed a stone giant
  2163 | D        | Noticed Nessos
  2164 | D        | Killed Nessos
  2224 | D        | Noticed Snorg
  2233 | D        | Killed Snorg
  2242 | D        | Noticed Rupert
  2243 | D        | Paralysed by Rupert for 6 turns
  2268 | D        | Killed Rupert
  2279 | D        | Noticed Aizul
  2282 | D        | Noticed Saint Roka
  2296 | D        | Killed Saint Roka
  2296 | D        | Reached skill level 15 in Maces & Flails
  2296 | D        | Gained mutation: You are immune to clouds of flame. [demonic ancestry]
  2296 | D        | Reached XP level 13. HP: 70/111 MP: 15/28
  2306 | D        | Killed Aizul
  2306 | D        | Reached skill level 10 in Armour
  2315 | D        | Noticed Azrael
  2318 | D        | Killed Azrael
  2395 | D        | Noticed a merfolk impaler
  2395 | D        | Noticed a merfolk impaler
  2397 | D        | Killed a merfolk impaler
  2398 | D        | Killed a merfolk impaler
  2473 | D        | Noticed a spark wasp
  2485 | D        | Killed a spark wasp
  2697 | D        | Reached skill level 27 in Invocations
  2822 | D        | Noticed Donald
  2837 | D        | Killed Donald
  2837 | D        | Reached skill level 15 in Shields
  3017 | D        | Noticed a spark wasp
  3018 | D        | Gained mutation: Your demonic aura causes spilled blood to erupt in flames. [demonic ancestry]
  3018 | D        | Reached XP level 14. HP: 121/121 MP: 31/31
  3019 | D        | Noticed a lich
  3025 | D        | Killed a lich
  3039 | D        | Noticed a green very ugly thing
  3041 | D        | Reached skill level 15 in Fighting
  3041 | D        | Killed a green very ugly thing
  3058 | D        | Noticed a tengu reaver
  3068 | D        | Killed a tengu reaver
  3110 | D        | Noticed a vault warden
  3134 | D        | Noticed an Orb Guardian
  3135 | D        | Noticed Sojobo
  3135 | D        | Killed a vault warden
  3148 | D        | Killed an Orb Guardian
  3152 | D        | Noticed a vault warden
  3158 | D        | Killed Sojobo
  3163 | D        | Reached skill level 15 in Armour
  3169 | D        | Killed a vault warden
  3169 | D        | Reached XP level 15. HP: 132/132 MP: 12/32
  3172 | D        | Noticed a Killer Klown
  3172 | D        | Noticed a tentacled monstrosity
  3185 | D        | Killed a tentacled monstrosity
  3206 | D        | Killed a Killer Klown
  3310 | D        | Noticed Margery
  3312 | D        | Killed Margery
  3506 | D        | Noticed a tengu reaver
  3508 | D        | Noticed a tengu reaver
  3509 | D        | Killed a tengu reaver
  3509 | D        | Killed a tengu reaver
  3566 | D        | Noticed Nikola
  3575 | D        | Killed Nikola
  3620 | D        | Noticed Ilsuiw
  3621 | D        | Killed Ilsuiw
  3728 | D        | Got a barnacled rune of Zot
  3735 | D        | Noticed a nagaraja
  3735 | D        | Noticed a nagaraja
  3736 | D        | Noticed a nagaraja
  3736 | D        | Killed a nagaraja
  3736 | D        | Killed a nagaraja
  3736 | D        | Reached XP level 16. HP: 146/146 MP: 33/33
  3769 | D        | Got a serpentine rune of Zot
  3885 | D        | Got a gossamer rune of Zot
  4046 | D        | Got a decaying rune of Zot
  4058 | D        | Noticed Boris
  4084 | D        | Killed Boris
  4134 | D        | Noticed Xtahua
  4144 | D        | Killed Xtahua
  4289 | D        | Gained mutation: You are mostly covered in iridescent scales. (AC +4) [demonic ancestry]
  4289 | D        | Reached XP level 17. HP: 158/158 MP: 34/34
  4532 | D        | Noticed an ancient lich
  4532 | D        | Noticed a titan
  4534 | D        | Killed a titan
  4536 | D        | Noticed a quicksilver dragon
  4541 | D        | Killed an ancient lich
  4557 | D        | Killed a quicksilver dragon
  4561 | D        | Got a silver rune of Zot
  4647 | D        | Noticed Agnes
  4649 | D        | Killed Agnes
  4766 | D        | Gained mutation: Your flesh is very heat resistant. (rF++) [evolution]
  4824 | D        | Got the ring "Yppoetas" {rC- Str+7 Int+9 SInv}
  4826 | D        | Got the amulet "Kops" {RegenMP rElec rPois}
  4828 | D        | Got the ring of Benevolence {rElec rPois rC+ Str+3 Stlth-}
  4830 | D        | Got the ring "Bucwyan" {rElec MR+}
  4871 | D        | Got the +3 large shield of Hide-and-Seek {Regen+ Int+3}
  5037 | D        | Reached skill level 27 in Shields
  5155 | D        | Noticed a golden dragon
  5156 | D        | Killed a golden dragon
  5245 | D        | Noticed a tentacled monstrosity
  5245 | D        | Noticed a quicksilver dragon
  5250 | D        | Gained mutation: You have a pair of small antennae on your head. [demonic ancestry]
  5250 | D        | Reached XP level 18. HP: 169/177 MP: 35/35
  5258 | D        | Killed a tentacled monstrosity
  5286 | D        | Reached skill level 10 in Dodging
  5311 | D        | Noticed a tentacled monstrosity
  5312 | D        | Noticed an orb of fire
  5320 | D        | Noticed a golden dragon
  5322 | D        | Reached skill level 27 in Fighting
  5323 | D        | Killed a tentacled monstrosity
  5323 | D        | Killed a golden dragon
  5326 | D        | Lost mutation: Your muscles are strong. (Str +2) [an orb of fire]
  5334 | D        | Killed an orb of fire
  5375 | D        | Noticed a golden dragon
  5375 | D        | Noticed a tentacled monstrosity
  5376 | D        | Noticed a tentacled monstrosity
  5385 | D        | Killed a golden dragon
  5389 | D        | Killed a tentacled monstrosity
  5405 | D        | Killed a tentacled monstrosity
  5503 | D        | Noticed an Orb Guardian
  5503 | D        | Noticed an Orb Guardian
  5503 | D        | Noticed an Orb Guardian
  5503 | D        | Noticed an Orb Guardian
  5503 | D        | Noticed an Orb Guardian
  5503 | D        | Noticed an Orb Guardian
  5506 | D        | Noticed an Orb Guardian
  5508 | D        | Killed an Orb Guardian
  5508 | D        | Reached skill level 27 in Maces & Flails
  5517 | D        | Killed an Orb Guardian
  5526 | D        | Killed an Orb Guardian
  5529 | D        | Killed an Orb Guardian
  5538 | D        | Killed an Orb Guardian
  5538 | D        | Reached skill level 15 in Dodging
  5546 | D        | Killed an Orb Guardian
  5554 | D        | Killed an Orb Guardian
  5556 | D        | Noticed an Orb Guardian
  5557 | D        | Noticed an Orb Guardian
  5567 | D        | Killed an Orb Guardian
  5567 | D        | Gained mutation: You have a pair of antennae on your head. [demonic ancestry]
  5567 | D        | Reached XP level 19. HP: 189/189 MP: 36/36
  5626 | D        | Noticed an ancient lich
  5646 | D        | Killed an ancient lich
  5649 | D        | Noticed an orb of fire
  5666 | D        | Gained mutation: Scrolls take you a little longer to read. [an orb of fire]
  5674 | D        | Killed an orb of fire
  5676 | D        | Noticed an electric golem
  5701 | D        | Killed an electric golem
  5701 | D        | Reached skill level 27 in Armour
  5704 | D        | Noticed an orb of fire
  5704 | D        | Noticed an orb of fire
  5704 | D        | Noticed an ancient lich
  5705 | D        | Noticed an orb of fire
  5706 | D        | Gained mutation: Potions are less effective at restoring your health. [an orb of fire]
  5708 | D        | Noticed an orb of fire
  5709 | D        | Killed an ancient lich
  5709 | D        | Killed an orb of fire
  5715 | D        | Killed an orb of fire
  5715 | D        | Killed an orb of fire
  5717 | D        | Noticed a golden dragon
  5718 | D        | Killed an orb of fire
  5726 | D        | Killed a golden dragon
  5733 | D        | Noticed an electric golem
  5766 | D        | Lost mutation: Scrolls take you a little longer to read. [evolution]
  5767 | D        | Killed an electric golem
  5767 | D        | Reached XP level 20. HP: 128/197 MP: 37/37
  5787 | D        | Reached skill level 27 in Dodging
  5787 | D        | Reached skill level 1 in Staves
  5787 | D        | Reached skill level 1 in Unarmed Combat
  5787 | D        | Reached skill level 1 in Evocations
  5806 | D        | Reached skill level 5 in Evocations
  5806 | D        | Reached skill level 5 in Staves
  5806 | D        | Reached skill level 5 in Unarmed Combat
  5827 | D        | Reached skill level 10 in Evocations
  5840 | D        | Reached skill level 10 in Staves
  5855 | D        | Reached skill level 10 in Unarmed Combat
  5940 | D        | Noticed an ancient lich
  5956 | D        | Killed an ancient lich
  5973 | D        | Paralysed by something for 2 turns
  6259 | D        | Reached skill level 15 in Evocations
  6267 | D        | Reached skill level 15 in Staves
  6267 | D        | Reached skill level 15 in Unarmed Combat
  6322 | D        | Got an elven rune of Zot
  6378 | D        | Noticed the Royal Jelly
  6381 | D        | Killed the Royal Jelly
  6381 | D        | Reached XP level 21. HP: 181/204 MP: 38/38
  6441 | D        | Lost mutation: You have sharp toenails. [potion of mutation]
  6441 | D        | Lost mutation: Your natural rate of healing is unusually fast. [potion of mutation]
  6441 | D        | Lost mutation: You evolve. [potion of mutation]
  6441 | D        | Gained mutation: Your body sometimes deteriorates upon taking damage. [potion of mutation]
  6441 | D        | Gained mutation: Your mind is acute. (Int +2) [potion of mutation]
  6441 | D        | Gained mutation: Your flesh is almost immune to the effects of heat. (rF+++) [potion of mutation]
  6442 | D        | Lost mutation: Potions are less effective at restoring your health. [potion of mutation]
  6442 | D        | Lost mutation: Your body sometimes deteriorates upon taking damage. [potion of mutation]
  6442 | D        | Lost mutation: Your mind is acute. (Int +2) [potion of mutation]
  6442 | D        | Lost mutation: Your flesh is almost immune to the effects of heat. (rF+++) [potion of mutation]
  6442 | D        | Gained mutation: You are agile. (Dex +2) [potion of mutation]
  6442 | D        | Gained mutation: You possess an exceptional clarity of mind. [potion of mutation]
  6485 | D        | Got a slimy rune of Zot
  6663 | D        | Killed by a mummy priest's death curse

Vault maps used:
D:        linesprint

Skill      XL: |  1  2  3  4  5  6  7  8  9 10 11 12 13 14 15 16 17 18 19 20 21 |
---------------+----------------------------------------------------------------+-----
Maces & Flails | 4 6 7 8 9 10 12 13 14 15 17 19 21 24 27 | 27.0
Fighting       | 4 7 8 9 10 11 12 13 14 16 19 21 25 27 | 27.0
Armour         | 4 7 8 9 11 15 17 18 20 24 27 | 27.0
Shields        | 4 6 7 8 9 10 11 13 15 18 20 25 27 | 27.0
Invocations    | 3 8 9 11 12 15 20 23 27 | 27.0
Dodging        | 1 2 3 4 5 6 7 8 9 15 26 27 | 27.0
Staves         | 18 20 | 20.7
Unarmed Combat | 18 20 | 20.4
Evocations     | 19 21 | 21.9

Action                   |  1- 3 |  4- 6 |  7- 9 | 10-12 | 13-15 | 16-18 | 19-21 || total
-------------------------+-------+-------+-------+-------+-------+-------+-------++-------
Melee: Flail             |    43 |       |    89 |   155 |   205 |   489 |   349 ||  1330
       Kick              |       |       |    26 |    66 |    75 |   231 |   126 ||   524
Invok: Disaster Area     |       |       |       |    17 |    22 |    18 |    17 ||    74
Evoke: Wand              |     1 |     3 |     5 |     1 |       |       |       ||    10
  Use: Potion            |     1 |       |     5 |     2 |       |       |     2 ||    10
       Scroll            |       |       |       |       |     1 |     3 |       ||     4
 Stab: Invisible         |       |       |     1 |       |       |       |       ||     1
  Eat: Chunk             |       |       |       |     5 |     4 |     3 |       ||    12
       Ration            |       |       |       |       |       |     1 |     2 ||     3
Armor: Scale mail        |    16 |       |       |       |       |       |       ||    16
       Ring mail         |       |       |    21 |     6 |       |       |       ||    27
       Plate armour      |       |       |       |    10 |    44 |    78 |       ||   132
       Chain mail        |       |       |       |       |       |    25 |       ||    25
       Gold dragon scale |       |       |       |       |       |    12 |    60 ||    72
Dodge: Dodged            |    16 |     1 |    20 |    20 |    24 |    68 |    51 ||   200
       Deflected         |       |       |       |     1 |     2 |     3 |     8 ||    14
Block: Shield            |    17 |     1 |    42 |   100 |   134 |   218 |       ||   512
       Large shield      |       |       |       |       |       |   175 |   299 ||   474

Table legend:
 A = Spawn XP
 B = Non-spawn XP
 C = Spawn XP percentage of total XP
 D = Spawn monster count
 E = Non-spawn monster count
 F = Spawn count percentage of total count
 G = Total turns spent on level
                    A         B        C        D         E        F      G
               +---------+---------+-------+---------+---------+-------+---------
         Total |       0 |  634474 |   0.0 |       0 |     504 |   0.0 |  6663
               +---------+---------+-------+---------+---------+-------+---------
             D |       0 |  634474 |   0.0 |       0 |     504 |   0.0 |  6663
               +---------+---------+-------+---------+---------+-------+---------
